AoeStats
← BOLAEXTRA

Arena

510421365Analyzed
1v1 RM · 20h ago on Sep 30, 2026· 16m 31s· 2 players
Game mode
Random Map
Map size
Tiny (2 player)
Population
200
Speed
Normal
Resources
Standard
Victory
Conquest
Starting age
Dark Age
Ending age
Imperial Age
RankedLock teamsTeams togetherTeam positionsShared explorationLock speedFull tech treeHidden civsTurbo modeCheats
Victory
Defeat
🇦🇷 Armenians · Argentina
1011
+17
🇺🇸 Bohemians · United States
1031
-17
BOLAEXTRA
10:10 Feudal Age
10:23 Loom
13:41 Castle Age
11:46 Double-Bit Axe
16:09 Bow Saw
bikerboy4444
10:26 Feudal Age
14:01 Castle Age
12:11 Double-Bit Axe
Connection lost

Rejoining the realm…

Still unreachable

The connection could not be restored.

Session expired

The server has moved on; the page needs a fresh start.